 Dungeon Crawl Stone Soup version 0.32-a0-876-gcfddb08e57 (webtiles) character file.

Game seed: 7939766340050901535

5607 bjtr the Arsonist (level 10, -1/41 HPs)
             Began as a Vine Stalker Fire Elementalist on Apr 2, 2024.
             Was a Follower of Hepliaklqana.
             Succumbed to a kobold brigand's curare-tipped dart
             ... on level 10 of the Dungeon.
             The game lasted 00:39:47 (7601 turns).

bjtr the Arsonist (Vine Stalker Fire Elementalist)  Turns: 7601, Time: 00:39:47

Health: -1/41      AC: 13    Str: 11    XL:     10   Next: 73%
Magic:  23/32      EV: 10    Int: 19    God:    Hepliaklqana [*.....]
Gold:   844        SH:  0    Dex: 15    Spells: 10/26 levels left

rFire   + . .        d - +1 short sword (flame)
rCold   . . .        (no shield)
rNeg    . . .        u - +4 ring mail {rF+}
rPois   .            (no helmet)
rElec   .            (no cloak)
rCorr   .            a - +0 pair of gloves
SInv    .            E - +2 pair of boots {Fly}
Will    +....        z - amulet of the acrobat
Stlth   ++           j - ring of magical power
HPRegen 1.06/turn    y - ring of wizardry
MPRegen 0.23/turn

%: acrobat, guardian spirit, wizardry (x1)
@: lethally poisoned (-1 -> -9), flying
A: reduced essence, fangs 3, regeneration 1, magic shield, antimagic bite, no
potion heal 2
a: Renounce Religion, Recall Ancestor, Ancestor Identity


You were on level 10 of the Dungeon.
You worshipped Hepliaklqana.
Hepliaklqana was aware of your devotion.
You visited 2 branches of the dungeon, and saw 10 of its levels.
You also visited: Bailey.

You collected 844 gold pieces.

Inventory:

Hand Weapons
 d - a +1 short sword of flaming (weapon)
 h - a +0 sling
 p - a +0 flail
 C - a +0 short sword of distortion
 D - a +0 broad axe
 G - a +1 dagger of speed
Missiles
 e - 12 poisoned darts
 o - a throwing net
 F - a curare-tipped dart
Armour
 a - a +0 pair of gloves (worn)
 u - a +4 ring mail of fire resistance (worn)
 E - a +2 pair of boots of flying (worn)
Jewellery
 j - a ring of magical power (left hand)
 m - an amulet of regeneration
 v - a ring of flight
 y - a ring of wizardry (right hand)
 z - an amulet of the acrobat (around neck)
Wands
 k - a wand of digging (5)
 x - a wand of warping (7)
Scrolls
 g - a scroll of blinking
 q - a scroll of immolation
 s - a scroll of fog
 t - a scroll of summoning
 w - 2 scrolls of enchant weapon
 B - a scroll of revelation
 H - a scroll of brand weapon
 J - a scroll of amnesia
Potions
 b - a potion of magic
 c - 5 potions of enlightenment
 f - a potion of might
 i - a potion of mutation
 n - 2 potions of invisibility
 r - a potion of ambrosia {unknown}
 I - a potion of berserk rage {unknown}


   Skills:
 + Level 1.6 Fighting
 + Level 2.7 Short Blades
 + Level 2.0 Armour
 + Level 2.4 Dodging
 + Level 4.1 Stealth
 + Level 8.6 Spellcasting
 * Level 6.1 Conjurations
 * Level 10.7 Fire Magic


You had 10 spell levels left.
You knew the following spells:

 Your Spells              Type           Power      Damage    Failure   Level
a - Foxfire               Conj/Fire      100%       2x1d9     1%          1
b - Scorch                Fire           96%        2d9       1%          2
c - Inner Flame           Hex/Fire       28%        N/A       2%          3
d - Volatile Blastmotes   Fire/Tloc      56%        2d14      2%          3
e - Flame Wave            Conj/Fire      40%        2d11      2%          4
f - Mephitic Cloud        Conj/Alch/Air  15%        N/A       11%         3

Your spell library contained the following spells:

 Spells                   Type           Power      Damage    Failure   Level
 Mercury Vapours          Alch/Air       16%        N/A       12%         2
 Freezing Cloud           Conj/Ice/Air   7%         6-21      65%         5


Dungeon Overview and Level Annotations

Branches:
Dungeon (10/15)            Temple (1/1) D:7          Bailey (visited)
   Lair: D:8-11         Orc: D:9-12

Altars:
Ashenzari
Cheibriados
Elyvilon
Fedhas
Gozag
Hepliaklqana
Kikubaaqudgha
Makhleb
Nemelex Xobeh
Okawaru
Ru
Sif Muna
Trog
Uskayaw
Vehumet
Wu Jian
Xom
Yredelemnul
Zin
The Shining One


Innate Abilities, Weirdness & Mutations

Your life essence is reduced to manifest your ancestor. (-10% HP)
You have razor-sharp teeth.
Your natural rate of healing is unusually fast.
When hurt, damage is shared between your health and your magic reserves.
Your bite disrupts and absorbs the magic of your enemies.
Potions cannot restore your health.


Message History

The hornet is engulfed in a cloud of scalding steam.
The hornet stings you.
You are more poisoned.
You feel as though you will be slow longer.
The hornet is engulfed in a cloud of scalding steam.
The hornet barely misses you.
Tagurec hits the hornet.
The hornet is engulfed in a cloud of scalding steam.
You kill the hornet!
Casting: Scorch (safe; 1% risk of failure)
Confirm with . or Enter, or press ? or * to list all spells.
Okay, then.
Unknown command.
Casting: Scorch (safe; 1% risk of failure)
Confirm with . or Enter, or press ? or * to list all spells.
You can't see any susceptible monsters within range! (Use Z to cast anyway.)
You feel extremely sick.
A kobold comes into view. It is wielding a +0 short sword.
The kobold brigand throws a curare-tipped dart.
The curare-tipped dart hits you.
You are lethally poisoned!
You have difficulty breathing.
You feel as though you will be slow longer.
A kobold comes into view. It is wielding a +0 dagger.
* * * LOW HITPOINT WARNING * * *
You feel extremely sick.
A kobold comes into view. It is wielding a +0 whip.
Unknown command.
It was a potion of cancellation.
Your magical effects are unravelling.
You feel magically purged.
You feel yourself speed up.
* * * LOW HITPOINT WARNING * * *
You feel extremely sick.
The kobold throws a stone.
The stone closely misses you.
The kobold throws a stone.
The stone closely misses you.
The kobold brigand hits Tagurec with a +0 dagger.
Tagurec barely misses the kobold brigand.
It was a potion of lignification.
You feel woody for a moment.
You die...
Hepliaklqana delivers you to your ancestors.

#.........
#........
#......:#####
#............
#...≈.ß.≈....
#..≈...≈....
#..≈≈.≈≈....
#..≈@.≈RK...
#..≈≈.≈≈.K..
#..≈≈_≈≈....
#..≈≈≈≈≈K...
#...≈≈≈.K...
#...........
####.##........
#.......##.....
#......##.####
...


You could see the friendly Tagurec the ancestor, a kobold brigand (ally target)
and 3 kobolds.

Vanquished Creatures
  3 orc knights (Bailey)
  A kobold demonologist (D:9)
  2 hornets
  Grinder (D:6)
  A wraith (D:9)
  5 yaks (D:9)
  A water moccasin (D:7)
  7 orc warriors (Bailey)
  An ogre (D:5)
  3 centaurs
  2 kobold brigands (D:9)
  3 bullfrogs
  A scorpion (D:5)
  12 killer bees (D:9)
  2 howler monkeys
  A bombardier beetle (D:4)
  2 jellies
  4 hounds
  A sleepcap (D:7)
  2 iguanas
  An orc wizard (D:6)
  4 adders
  4 gnolls (D:4)
  A shadow imp (D:7)
  2 white imps (D:6)
  2 ufetubi (D:6)
  A dart slug (D:5)
  5 ribbon worms
  5 orcs
  3 bats
  6 endoplasms
  2 giant cockroaches
  8 goblins
  7 hobgoblins
  4 jackals (D:1)
  24 kobolds
  5 quokkas
  6 ball pythons
  3 frilled lizards
  7 rats
155 creatures vanquished.

Vanquished Creatures (others)
  375 foxfires
375 creatures vanquished.

Grand Total: 530 creatures vanquished

Notes
Turn   | Place    | Note
-------+----------+-------------------------------------------
     0 | D:1      | bjtr the Vine Stalker Fire Elementalist began the quest for
                  | the Orb.
     0 | D:1      | Reached XP level 1. HP: 9/9 MP: 4/4
   169 | D:1      | Reached XP level 2. HP: 13/13 MP: 1/6
   428 | D:1      | Found a faded altar of an unknown god.
   580 | D:2      | Reached XP level 3. HP: 16/16 MP: 2/7
  1588 | D:3      | Reached skill level 1 in Short Blades
  1726 | D:3      | Reached XP level 4. HP: 21/21 MP: 8/8
  1962 | D:3      | Learned a level 2 spell: Scorch
  1966 | D:3      | Learned a level 3 spell: Inner Flame
  2314 | D:4      | Noticed a bullfrog
  2326 | D:4      | Killed a bullfrog
  2327 | D:4      | Reached skill level 4 in Fire Magic
  2327 | D:4      | Reached XP level 5. HP: 13/25 MP: 3/10
  2633 | D:4      | Reached XP level 6. HP: 29/29 MP: 11/11
  3138 | D:5      | Entered Level 5 of the Dungeon
  3244 | D:5      | Found a shimmering altar of Xom.
  3395 | D:5      | Reached skill level 5 in Fire Magic
  3395 | D:5      | Reached XP level 7. HP: 32/32 MP: 10/14
  3777 | D:5      | Found a blossoming altar of Fedhas.
  3786 | D:5      | Reached skill level 1 in Fighting
  4040 | D:6      | Reached skill level 6 in Fire Magic
  4224 | D:6      | Learned a level 3 spell: Volatile Blastmotes
  4229 | D:6      | Learned a level 4 spell: Flame Wave
  4520 | D:6      | Noticed Grinder
  4535 | D:6      | Reached skill level 5 in Spellcasting
  4536 | D:6      | Killed Grinder
  4537 | D:6      | Gained mutation: You have razor-sharp teeth. [Vine Stalker
                  | growth]
  4537 | D:6      | Reached XP level 8. HP: 37/37 MP: 12/17
  4762 | D:7      | Found a staircase to the Ecumenical Temple.
  4769 | Temple   | Entered the Ecumenical Temple
  4930 | D:7      | Found a hazy altar of Hepliaklqana.
  4936 | D:7      | Became a worshipper of Hepliaklqana the Forgotten
  4944 | D:7      | Reached skill level 7 in Fire Magic
  4957 | D:7      | Found a flagged portal.
  4963 | Bailey   | Entered a bailey
  4986 | Bailey   | Noticed an orc knight
  5003 | Bailey   | Noticed an orc knight
  5144 | Bailey   | Killed an orc knight
  5145 | Bailey   | Reached XP level 9. HP: 41/41 MP: 6/19
  5196 | Bailey   | Noticed an orc knight
  5298 | Bailey   | Reached skill level 1 in Armour
  5469 | Bailey   | Reached skill level 8 in Fire Magic
  5921 | Bailey   | Killed an orc knight
  6083 | Bailey   | Reached skill level 9 in Fire Magic
  6088 | Bailey   | Killed an orc knight
  6089 | Bailey   | Reached skill level 5 in Conjurations
  6332 | D:7      | Learned a level 3 spell: Mephitic Cloud
  6460 | D:7      | You are sucked into a shaft and drop 2 floors!
  6503 | D:9      | Reached XP level 10. HP: 27/45 MP: 9/21
  6677 | D:9      | Noticed a kobold demonologist
  6694 | D:9      | Killed a kobold demonologist
  6858 | D:9      | Reached skill level 10 in Fire Magic
  7459 | D:9      | Reached * piety under Hepliaklqana
  7574 | D:10     | Entered Level 10 of the Dungeon
  7585 | D:10     | Found a burning altar of Makhleb.
  7600 | D:10     | HP: 2/41 [poisoned by a kobold brigand (curare-tipped
                  | dart)]
  7601 | D:10     | Succumbed to a kobold brigand's curare-tipped dart

Illustrated notes

Levels and vault maps discovered:
D:1:      mainiacjoe_arrival_oval_in_oval, layout_basic,
          hellmonk_ecumenical_altar_dog_temple
D:2:      layout_loops_ring
D:3:      layout_rooms
D:4:      kennysheep_big_flooded_room, layout_basic
D:5:      layout_basic, xom_butterflies, fedhas_altar_2, minivault_26,
          nicolae_elevator_lobby_plus
D:6:      layout_basic, uniq_grinder
D:7:      layout_basic, nicolae_dithmenos_the_darkroom, old_standard_altar,
          minmay_temple_entry_slanted, enter_bailey_2, minivault_11,
          corexii_item_surrounded_by_moat
D:9:      layout_basic
D:10:     layout_rooms, mainiacjoe_overflow_catwalk,
          nicolae_qazlal_scattered_showers, orc_0_dummy,
          biasface_ghost_orc_armoury, enter_trove_5, minmay_statues_item,
          serial_library_regret_index_double_sided
Temple:   regret_index_temple_sphere_string

Skill      XL: |  1  2  3  4  5  6  7  8  9 10 |
---------------+-------------------------------+-----
Short Blades   | 1 2 |  2.7
Dodging        | 2 |  2.4
Conjurations   | 2 3 5 6 |  6.1
Fire Magic     | 4 5 6 7 9 10 | 10.7
Stealth        | 3 4 |  4.1
Spellcasting   | 3 4 5 6 7 8 |  8.6
Fighting       | 1 |  1.6
Armour         | 1 2 |  2.0

Action                     |  1- 3 |  4- 6 |  7- 9 | 10-12 || total
---------------------------+-------+-------+-------+-------++-------
  Melee: Bite              |    14 |    11 |    18 |     8 ||    51
         Unarmed           |     2 |       |       |       ||     2
         Short sword       |    46 |    45 |    42 |    31 ||   164
   Cast: Foxfire           |    50 |    41 |   109 |    13 ||   213
         Scorch            |       |    17 |    40 |    31 ||    88
         Inner Flame       |       |     3 |     8 |     2 ||    13
         Volatile Blastmot |       |       |     1 |     3 ||     4
         Flame Wave        |       |       |       |     4 ||     4
         Mephitic Cloud    |       |       |       |     2 ||     2
    Use: Scroll            |       |    11 |     7 |       ||    18
         Potion            |       |       |       |     2 ||     2
   Stab: Sleeping          |       |     1 |     2 |       ||     3
 Armour: Robe              |    35 |    41 |     7 |       ||    83
         Ring mail         |       |       |    55 |    56 ||   111
  Dodge: Dodged            |    33 |    37 |    33 |    59 ||   162

Table legend: (Time is in decaauts)
 A = Elapsed time spent in this place.
 B = Non-inter-level travel time spent in this place.
 C = Inter-level travel time spent in this place.
 D = Time resting spent in this place.
 E = Time spent auto-exploring this place.
 F = Levels seen in this place.
 G = Mean time per level.
                   A        B        C        D        E       F      G
               +--------+--------+--------+--------+--------+-----+--------+
         Total |   7612 |   7250 |    362 |   1421 |   4240 |  11 |  692.0 |
       Dungeon |   6250 |   5888 |    362 |    513 |   4080 |   9 |  694.4 |
        Temple |      1 |      1 |      0 |      0 |      0 |   1 |    1.0 |
        Bailey |   1360 |   1360 |      0 |    908 |    160 |   1 | 1360.0 |
               +--------+--------+--------+--------+--------+-----+--------+

Top non-repeatable levels by time:
  Bailey: 1360 daAuts
     D:9: 1132 daAuts
     D:2: 1027 daAuts
     D:4: 947 daAuts
     D:5: 838 daAuts
     D:6: 710 daAuts
     D:3: 658 daAuts
     D:1: 557 daAuts
     D:7: 348 daAuts
    D:10: 28 daAuts
  Temple: 1 daAuts
